 Dungeon Crawl Stone Soup version 0.28.0-45-g0d030f2227 (webtiles) character file.

Game seed: 13985317389373937918

67 jimonade the Magician (level 4, 0/33 HPs)
             Began as a Djinni Ice Elementalist on Apr 9, 2022.
             Slain by a scorpion (4 damage)
             ... on level 2 of the Dungeon.
             The game lasted 00:07:03 (2505 turns).

jimonade the Magician (Djinni Ice Elementalist)     Turns: 2505, Time: 00:07:04

Health: 0/33       AC:  2    Str: 15    XL:     4   Next: 38%
Gold:   90         EV: 12    Int: 16    God:
                   SH:  3    Dex: 14

rFire   + + .      SeeInvis .   q - +2 hand axe (elec)
rCold   x . .      Faith    .   m - +0 buckler
rNeg    . . .      Spirit   .   a - +0 robe
rPois   ∞          Reflect  .   (no helmet)
rElec   .          Harm     .   (no cloak)
rCorr   .          Rampage  .   (no gloves)
Will    .....                   (boots unavailable)
Stlth   ++........              (no amulet)
HPRegen 0.11/turn               u - +6 ring of strength
MPRegen 0.00/turn               (no ring)

@: flying
A: sickness immunity, fire resistance 2, cold vulnerability 1, float, innate
caster, HP casting, extra vitality 1
a: no special abilities


You were on level 2 of the Dungeon.
You visited 1 branch of the dungeon, and saw 2 of its levels.

You collected 90 gold pieces.

Inventory:

Hand Weapons
 b - a +0 whip
 g - a +0 dagger
 q - a +2 hand axe of electrocution (weapon)
Missiles
 l - 15 stones
 n - 8 poisoned darts
 o - 12 bolts
 p - 15 sling bullets
Armour
 a - a +0 robe (worn)
 f - a +0 leather armour
 j - a +0 ring mail
 m - a +0 buckler (worn)
 s - an orb of guile
Jewellery
 u - a +6 ring of strength (left hand)
Scrolls
 d - 2 scrolls of identify {unknown}
 e - 2 scrolls of fear {unknown}
 h - a scroll of teleportation {unknown}
 i - a scroll of enchant weapon {unknown}
 r - a scroll of noise {unknown}
Potions
 c - 2 potions of curing {unknown}
 k - 2 potions of mutation {unknown}
 t - a potion of lignification {unknown}


   Skills:
 * Level 1.8 Fighting
 - Level 0.7 Short Blades
 - Level 0.3 Maces & Flails
 + Level 2.7 Dodging
 - Level 1.5 Stealth
 * Level 3.7 Spellcasting


You couldn't memorise any spells.
You knew the following spells:

 Your Spells              Type           Power      Damage    Failure   Level
a - Freeze                Ice            60%        1d8       4%          1
b - Frozen Ramparts       Ice            30%        1d5       16%         3
c - Ozocubu's Armour      Ice            15%        N/A       16%         3
d - Hailstorm             Conj/Ice       15%        3d5       45%         4
e - Animate Skeleton      Necr           30%        N/A       4%          1
Your spell library was empty.

Dungeon Overview and Level Annotations

Branches:
Dungeon (2/15)

Altars:


Innate Abilities, Weirdness & Mutations

You are immune to sickness and miasma.
You are immune to poison.
Your flesh is very heat resistant. (rF++)
You are vulnerable to cold. (rC-)
You float through the air rather than walking.
You learn spells naturally, not from books.
Your magical power is your life essence.
You have superior vitality. (+4 MHP)


Message History

Casting: Frozen Ramparts (quite dangerous; 16% risk of failure)
Confirm with . or Enter, or press ? or * to list all spells.
The spell is quite dangerous to miscast (16% risk of failure)!
Continue anyway?
Casting: Frozen Ramparts (quite dangerous; 16% risk of failure)
Press: ? - help, Dir - look around, f - activate You miscast Frozen Ramparts.
You are very lightly contaminated with residual magic.
Nothing appears to happen.
The helpless scorpion fails to defend itself.
You hit the scorpion.
The scorpion is lightly wounded.
The scorpion closely misses you.
You closely miss the scorpion.
The scorpion is lightly wounded.
The scorpion stings you. x2
You barely miss the scorpion.
The scorpion is lightly wounded.
The scorpion stings you!
The scorpion stings you but does no damage.
You hit the scorpion.
The scorpion is heavily wounded.
The scorpion stings you.
You barely miss the scorpion.
The scorpion is heavily wounded.
The scorpion stings you. The scorpion barely misses you.
You closely miss the scorpion.
The scorpion is heavily wounded.
The scorpion completely misses you.
Your magical contamination has completely faded away.
You hit the scorpion.
The scorpion is severely wounded.
The scorpion stings you.
* * * LOW HITPOINT WARNING * * *
The scorpion barely misses you.
You hit the scorpion but do no damage.
The scorpion is severely wounded.
The scorpion stings you.
* * * LOW HITPOINT WARNING * * *
The scorpion stings you.
You die...

#.###.#.##.# #.....# #.#
#..........# #.....# #.#
#### #######.#### #.....#
#†### ...# #.# #.._..# #....
##.# #.# ####...## #####
##.##########.# #......#
..............#####.##...#
##.#############.......#####
##.# #@##.##.....##### ...#
#s##.#..........## ####
#.##.........)....
#.####............ #..
##...#....... ##.
##.##....... . ............
.# #........)...
#............


You could see a scorpion.

Vanquished Creatures
  2 adders (D:2)
  A worm (D:2)
  4 dart slugs
  3 bats
  3 endoplasms (D:1)
  A giant cockroach (D:1)
  3 goblins
  4 hobgoblins
  3 kobolds (D:2)
  A quokka (D:2)
  6 ball pythons
  3 frilled lizards (D:1)
  3 rats
37 creatures vanquished.

Notes
Turn   | Place    | Note
-------+----------+-------------------------------------------
     0 | D:1      | jimonade the Djinni Ice Elementalist began the quest for
                  | the Orb.
     0 | D:1      | Reached XP level 1. HP: 15/15 MP: 0/0
   253 | D:1      | Reached skill level 1 in Fighting
   253 | D:1      | Reached XP level 2. HP: 7/22 MP: 0/0
   967 | D:1      | Reached XP level 3. HP: 25/27 MP: 0/0
   967 | D:1      | Learned a level 1 spell: Animate Skeleton
  1710 | D:2      | Found a faded altar of an unknown god.
  2043 | D:2      | Reached XP level 4. HP: 23/33 MP: 0/0
  2495 | D:2      | Noticed a scorpion
  2505 | D:2      | Slain by a scorpion

Illustrated notes

Levels and vault maps discovered:
D:1:      mrwooster_arrival_statue_3, layout_rooms, minivault_5,
          minmay_pentomino_r4
D:2:      layout_loops_cross, basic_ecumenical_altar

Skill      XL: |  1 |
---------------+----+-----
Fighting       | 1 |  1.8
Short Blades   | |  0.7
Maces & Flails | |  0.3
Dodging        | |  2.7
Stealth        | |  1.5
Spellcasting   | |  3.7

Action                   |  1- 3 |  4- 6 || total
-------------------------+-------+-------++-------
Melee: Whip              |     8 |       ||     8
       Dagger            |    56 |       ||    56
       Hand axe          |    30 |    21 ||    51
 Cast: Freeze            |    24 |     5 ||    29
       Frozen Ramparts   |     1 |       ||     1
 Stab: Sleeping          |     2 |     1 ||     3
Armor: Robe              |    11 |     2 ||    13
Dodge: Dodged            |    94 |     9 ||   103
Block: Buckler           |     7 |     3 ||    10
